 Dungeon Crawl Stone Soup version 0.31-a0-662-g684573625c (webtiles) character file.

Game seed: 11125747385488031516

30 Aneyh the Slasher (level 3, 0/23 HPs)
             Began as a Tengu Monk on Sept 1, 2023.
             Slain by a gnoll
             ... wielding a +0 spear
              (8 damage)
             ... on level 2 of the Dungeon.
             The game lasted 00:02:20 (1135 turns).

Aneyh the Slasher (Tengu Monk)                      Turns: 1135, Time: 00:02:20

Health: 0/23       AC:  2    Str: 11    XL:     3   Next: 20%
Magic:  4/4        EV: 13    Int: 10    God:
Gold:   81         SH:  0    Dex: 18    Spells: 2/2 levels left

rFire   . . .        a - +0 falchion
rCold   . . .        (no shield)
rNeg    . . .        b - +0 robe
rPois   .            (helmet restricted)
rElec   .            (no cloak)
rCorr   .            (no gloves)
SInv    .            (boots unavailable)
Will    .....        (no amulet)
Stlth   ++           (no ring)
HPRegen 0.23/turn    (no ring)
MPRegen 0.09/turn

%: acrobat
@: no status effects
A: beak, talons 3, acrobatic
a: no special abilities


You were on level 2 of the Dungeon.
You visited 1 branch of the dungeon, and saw 2 of its levels.

You collected 81 gold pieces.

Inventory:

Hand Weapons
 a - a +0 falchion (weapon)
Missiles
 i - 5 javelins (quivered)
Armour
 b - a +0 robe (worn)
 d - an orb of light
 j - a +0 ring mail
Scrolls
 e - a scroll of enchant armour {unknown}
 f - a scroll of fog {unknown}
 h - a scroll of torment {unknown}
Potions
 c - a potion of ambrosia
 g - a potion of mutation {unknown}


   Skills:
 - Level 3.0 Fighting
 + Level 4.7 Long Blades
 - Level 3.2 Dodging


You had 2 spell levels left.
You didn't know any spells.
Your spell library contained the following spells:

 Spells                   Type           Power      Damage    Failure   Level
 Apportation              Tloc           0%         N/A       36%         1
 Sandblast                Erth           0%         2d4       36%         1
 Shock                    Conj/Air       0%         1d3       36%         1


Dungeon Overview and Level Annotations

Branches:
Dungeon (2/15)

Altars:


Innate Abilities, Weirdness & Mutations

You have a beak for a mouth.
You have claws for feet.
You can magically evade attacks while moving or waiting.


Message History

No target in view!
Unknown command.
Found 3 poisoned darts.
A gnoll comes into view. It is wielding a +0 spear.
A gnoll comes into view. It is wielding a +0 whip.
The gnoll shouts! x2
The gnoll throws a throwing net.
The throwing net completely misses you.
You see here a throwing net.
A gnoll comes into view. It is wielding a +0 whip.
The gnoll misses you. x2
You closely miss the gnoll. You peck the gnoll, but do no damage.
The gnoll closely misses you.
You hit the gnoll. You claw the gnoll, but do no damage.
The gnoll is heavily wounded.
The gnoll hits you from afar with a +0 spear.
The gnoll hits you with a +0 whip.
You barely miss the gnoll.
The gnoll is heavily wounded.
The gnoll hits you with a +0 whip. The gnoll barely misses you.
The gnoll closely misses you.
You are too injured to fight recklessly!
You are too injured to fight recklessly!
The gnoll attacks as it pursues you! The gnoll completely misses you.
The gnoll attacks as it pursues you! The gnoll misses you.
You see here a throwing net.
You completely miss the gnoll. You claw the gnoll, but do no damage.
You peck the gnoll, but do no damage. The gnoll attacks as it pursues you!
The gnoll completely misses you.
You barely miss the gnoll. The gnoll barely misses you.
The gnoll attacks as it pursues you! The gnoll closely misses you.
You barely miss the gnoll. The gnoll hits you but does no damage.
The gnoll hits you with a +0 whip.
Okay, then.
You hit the gnoll. You peck the gnoll.
The gnoll is heavily wounded.
The gnoll barely misses you. x2
You hit the gnoll. Your kick misses the gnoll.
The gnoll is heavily wounded.
The gnoll hits you from afar with a +0 spear!
You die...

#.#........# .#
...........# .#
...........# .#
...........# .#
...........###.#
#.....(......#.####.#
#######.####........#
#####.# ##.##########
#ggg@.# #.......#....
#####(#######..####.#.###
#.....# ##...# #.#<...
#.###.....##.#.# #)#.#.#
#.....##_#†# #.#.#..
#.....##.#.# #.#.###
#.....##...# #.#....
#.....###..# #.#####
#.....# #..# #......


You could see 3 gnolls.

Vanquished Creatures
  A worm (D:2)
  An endoplasm (D:1)
  2 giant cockroaches (D:1)
  2 goblins (D:1)
  3 hobgoblins (D:1)
  A quokka (D:1)
  6 bats (D:1)
  4 frilled lizards (D:1)
  4 kobolds (D:1)
  4 rats (D:1)
28 creatures vanquished.

Notes
Turn   | Place    | Note
-------+----------+-------------------------------------------
     0 | D:1      | Aneyh the Tengu Monk began the quest for the Orb.
     0 | D:1      | Reached XP level 1. HP: 14/14 MP: 2/2
   180 | D:1      | Reached XP level 2. HP: 19/19 MP: 3/3
   335 | D:1      | Reached skill level 4 in Long Blades
   457 | D:1      | Got A Tutorial on the Histories of Mysteries
   647 | D:1      | Reached XP level 3. HP: 23/23 MP: 4/4
  1097 | D:2      | Found a faded altar of an unknown god.
  1135 | D:2      | Slain by a gnoll

Illustrated notes

Levels and vault maps discovered:
D:1:      grunt_arrival_lava_bath, layout_basic
D:2:      layout_basic, ebering_ecumenical_altar_rust

Skill      XL: |  1  2 |
---------------+-------+-----
Long Blades    | 4 |  4.7
Fighting       | |  3.0
Dodging        | |  3.2

Action                     || total
---------------------------++-------
  Melee: Falchion          ||    65
         Peck              ||    13
         Kick              ||    13
  Throw: Javelin           ||     3
 Armour: Robe              ||    28
  Dodge: Dodged            ||    47

Table legend: (Time is in decaauts)
 A = Elapsed time spent in this place.
 B = Non-inter-level travel time spent in this place.
 C = Inter-level travel time spent in this place.
 D = Time resting spent in this place.
 E = Time spent auto-exploring this place.
 F = Levels seen in this place.
 G = Mean time per level.
                   A        B        C        D        E       F      G
               +--------+--------+--------+--------+--------+-----+--------+
         Total |   1142 |   1083 |     59 |      0 |    898 |   2 |  571.0 |
       Dungeon |   1142 |   1083 |     59 |      0 |    898 |   2 |  571.0 |
               +--------+--------+--------+--------+--------+-----+--------+

Top non-repeatable levels by time:
     D:1: 988 daAuts
     D:2: 153 daAuts
